 Dungeon Crawl Stone Soup version 0.15-a0-429-gf5d7e11 (webtiles) character file.

1016 PolkaDot the Jinx (level 7, -14/46 HPs)
             Began as a Vampire Enchanter on May 6, 2014.
             Demolished by Prince Ribbit (20 damage)
             ... on Level 5 of the Dungeon.
             The game lasted 00:17:09 (4793 turns).

PolkaDot the Jinx (Vampire Enchanter)               Turns: 4793, Time: 00:17:10

HP -14/46        AC  6     Str  7      XL: 7   Next: 61%
MP   6/12        EV 13     Int 22      God:
Gold 207         SH  0     Dex 16      Spells:  4 memorised,  3 levels left

rFire  . . .     SeeInvis +     e - +0,+2 dagger (freeze)
rCold  + + .     Clarity  .     b - +1 robe
rNeg   + + +     Conserve .     (no shield)
rPois  +         rCorr    .     g - +0 helmet
rElec  .         rRot     +     v - +0 cloak of the Lily {+Fly}
SustAb . .       Spirit   .     (no gloves)
rMut   .         Warding  .     n - +0 pair of boots (curse)
Saprov . . .     Stasis   .     (no amulet)
MR     .....                    (no ring)
                                q - ring of stealth

@: non-regenerating, brilliant, very slightly contaminated, not resistant to
hostile enchantments, very stealthy
A: bottle blood, fangs 3, see invisible, unbreathing
a: Bat Form, Bottle Blood, Evoke Flight


You were on level 5 of the Dungeon.
You were bloodless.

You visited 1 branch of the dungeon, and saw 5 of its levels.
You also visited: Ossuary.

You collected 207 gold pieces.

Inventory:

Hand weapons
 e - a +0,+2 dagger of freezing (weapon)
Missiles
 d - 10 darts (quivered)
Armour
 b - a +1 robe (worn)
 g - a +0 helmet (worn)
 n - a cursed +0 pair of boots (worn)
 v - the +0 cloak of the Lily (worn) {+Fly}
   (You found it on level 4 of the Dungeon)

   It lets you fly.
Scrolls
 f - a scroll of remove curse
 i - a scroll of noise
 k - a scroll of blinking
 r - 4 scrolls of teleportation
Jewellery
 q - a ring of stealth (left hand)
Potions
 h - a potion of resistance
 l - 2 potions of restore abilities
Books
 c - a book of Maledictions

   Spells                             Type                      Level
   *Corona                            Hexes                        1
   Sure Blade                         Hexes/Charms                 2
   *Ensorcelled Hibernation           Hexes/Ice                    2
   *Confuse                           Hexes                        3
   Dazzling Spray                     Conjuration/Hexes            3
   Enslavement                        Hexes                        4
 u - a book of Battle

   Spells                             Type                      Level
   *Infusion                          Charms                       1
   Shroud of Golubria                 Charms/Translocation         2
   Song of Slaying                    Charms                       2
   Spectral Weapon                    Hexes/Charms                 3
   Regeneration                       Charms/Necromancy            3


   Skills:
 - Level 4.4 Short Blades
 - Level 0.7 Throwing
 - Level 2.1 Dodging
 + Level 7.3 Stealth
 - Level 2.0 Spellcasting
 * Level 9.8 Hexes
 + Level 0.0 Evocations


You had 3 spell levels left.
You knew the following spells:

 Your Spells              Type           Power        Failure   Level  Hunger
a - Corona                Hex            ######.      1%          1    #......
b - Infusion              Chrm           ###...       1%          1    #......
c - Confuse               Hex            ######..     1%          3    ###....
d - Ensorcelled Hibernat  Hex/Ice        #####.       1%          2    ##.....


Dungeon Overview and Level Annotations

Branches:
Dungeon (5/15)
 Temple: D:4-7

Altars:

Annotations:
D:5 Prince Ribbit


Innate Abilities, Weirdness & Mutations

You do not heal naturally.
You can bottle blood from corpses.
You have razor-sharp teeth.*
You have supernaturally acute eyesight.
You can survive without breathing.*


Message History

Prince Ribbit easily resists.
Drink which item? (? for menu, Esc to quit)
You feel clever all of a sudden.
Prince Ribbit blinks!
Casting: Ensorcelled Hibernation
Confirm with . or Enter, or press ? or * to list all spells.
Okay, then.
Casting: Ensorcelled Hibernation
Confirm with . or Enter, or press ? or * to list all spells.
Aiming: Ensorcelled Hibernation
Press: ? - help, Shift-Dir - straight line, f/p - Prince Ribbit
Aim: Prince Ribbit Prince Ribbit resists.
Casting: Ensorcelled Hibernation
Confirm with . or Enter, or press ? or * to list all spells.
Aiming: Ensorcelled Hibernation
Press: ? - help, Shift-Dir - straight line, f/p - Prince Ribbit
Aim: Prince Ribbit Prince Ribbit resists.
Prince Ribbit hits you!
You die...

. ..## ...# ...#
... .. ### ..##...
####.8 .......
##...######......#
##......##.@F.....#
#.............#.###
##.....#......#
###......>##.#
###8###..8...# .#
............## .#
#######.....# .
#...### . #....#


You could see Prince Ribbit.

Vanquished Creatures
  An ice beast (D:4)
  A phantom (D:4)
  A centaur (D:5)
  A giant frog (D:4)
  A scorpion (D:4)
  A jelly (D:3)
  2 hounds
  A giant frog skeleton (D:4)
  An orc wizard (D:4)
  3 worker ants
  A mummy (Ossuary)
  A worm zombie (D:3)
  7 adders
  A giant mite (D:3)
  3 worms
  6 giant geckos
  2 oozes
  8 orcs
  A ball python (D:3)
  8 bats
  A giant cockroach (D:3)
  11 goblins
  12 hobgoblins
  2 jackals (D:1)
  10 kobolds
  A giant newt (D:2)
  A kobold zombie (D:5)
  2 orc skeletons (D:4)
  11 rats
102 creatures vanquished.

Notes
Turn   | Place    | Note
--------------------------------------------------------------
     0 | D:1      | PolkaDot, the Vampire Enchanter, began the quest for the Orb.
     0 | D:1      | Reached XP level 1. HP: 13/13 MP: 3/3
     0 | D:1      | Noticed a vampire
     0 | D:1      | Noticed a minotaur
     0 | D:1      | Noticed an octopode
     1 | D:1      | Noticed a dwarf
     3 | D:1      | Noticed a draconian
     3 | D:1      | Noticed a human
     6 | D:1      | Noticed a troll
    10 | D:1      | Noticed a draconian
    10 | D:1      | Noticed a draconian
    13 | D:1      | Noticed an elf
    14 | D:1      | Noticed a naga
    14 | D:1      | Noticed a ghoul
    16 | D:1      | Noticed a ghoul
    16 | D:1      | Noticed a dwarf
    16 | D:1      | Noticed a spriggan
    18 | D:1      | Noticed an ogre
    18 | D:1      | Noticed a troll
   266 | D:1      | Reached XP level 2. HP: 11/19 MP: 2/4
   757 | D:1      | Reached skill level 5 in Hexes
  1271 | D:2      | Learned a level 2 spell: Ensorcelled Hibernation
  1338 | D:2      | Reached XP level 3. HP: 24/24 MP: 6/6
  1736 | D:2      | Reached XP level 4. HP: 30/30 MP: 7/7
  1741 | D:2      | Learned a level 3 spell: Confuse
  2248 | D:3      | Reached skill level 6 in Hexes
  2538 | D:3      | Reached XP level 5. HP: 29/35 MP: 6/9
  2828 | D:3      | Reached skill level 5 in Stealth
  3127 | D:3      | Reached skill level 7 in Hexes
  3390 | D:4      | Noticed a phantom
  3472 | D:4      | Killed a phantom
  3472 | D:4      | Reached XP level 6. HP: 30/41 MP: 2/10
  3537 | D:4      | Reached skill level 8 in Hexes
  3669 | D:4      | Got an ancient cloak
  3670 | D:4      | Identified the +0 cloak of the Lily {+Fly} (You found it on level 4 of the Dungeon)
  4160 | D:4      | Reached XP level 7. HP: 30/46 MP: 9/12
  4193 | D:4      | Noticed an ice beast
  4216 | D:4      | Killed an ice beast
  4216 | D:4      | Reached skill level 9 in Hexes
  4557 | D:5      | Entered Level 5 of the Dungeon
  4675 | D:5      | Found a sand-covered staircase.
  4683 | Ossuary  | Entered an ossuary
  4780 | D:5      | Noticed Prince Ribbit
  4784 | D:5      | Learned a level 1 spell: Infusion
  4793 | D:5      | Demolished by Prince Ribbit

Action                   |  1- 3 |  4- 6 |  7- 9 || total
-------------------------+-------+-------+-------++-------
Melee: Dagger            |   132 |   143 |    33 ||   308
Throw: Dart              |     4 |       |       ||     4
 Cast: Corona            |     6 |       |       ||     6
       Ensorcelled Hiber |     6 |    35 |    14 ||    55
       Confuse           |       |     6 |     6 ||    12
  Use: Scroll            |       |     4 |     8 ||    12
       Potion            |       |       |    12 ||    12
 Stab: Sleeping          |    14 |    32 |     8 ||    54
       Confused          |       |     2 |     2 ||     4
